 Dungeon Crawl Stone Soup version 0.21.0-24-g2553a33 (webtiles) character file.

741 raph the Chiller (level 7, -4/39 HPs)
             Began as a Deep Elf Ice Elementalist on Jan 19, 2018.
             Was an Initiate of Vehumet.
             Shot with an arrow by a centaur (11 damage)
             ... on level 6 of the Dungeon.
             The game lasted 00:14:45 (5844 turns).

raph the Chiller (Deep Elf Ice Elementalist)        Turns: 5844, Time: 00:14:46

Health: -4/39      AC: 15    Str:  5    XL:     7   Next: 47%
Magic:  14/16      EV: 14    Int: 21    God:    Vehumet [......]
Gold:   105        SH:  6    Dex: 16    Spells: 6/16 levels left

rFire    . . .     SeeInvis .   a - +3 dagger (venom)
rCold    . . .     Gourm    .   w - +2 buckler
rNeg     + . .     Faith    .   g - +0 robe
rPois    .         Spirit   .   k - +1 helmet
rElec    .         Reflect  .   (no cloak)
rCorr    .         Harm     .   (no gloves)
MR       .....                  r - +0 pair of boots
Stlth    +++.......             (no amulet)
HPRegen  0.13/turn              n - ring of positive energy
MPRegen  0.15/turn              l - +4 ring of protection

@: icy armour, slow
A: no striking features
a: Renounce Religion


You were on level 6 of the Dungeon.
You worshipped Vehumet.
Vehumet was noncommittal.
You were very hungry.

You visited 2 branches of the dungeon, and saw 7 of its levels.

You collected 210 gold pieces.
You spent 105 gold pieces at shops.

Inventory:

Hand Weapons
 a - a +3 dagger of venom (weapon)
 b - a +2 short sword of draining
 j - a +0 whip of pain
Missiles
 d - 137 stones (quivered)
 v - 2 silver tomahawks
Armour
 g - a +0 robe (worn)
 k - a +1 helmet (worn)
 r - a +0 pair of boots (worn)
 w - a +2 buckler (worn)
Jewellery
 l - a +4 ring of protection (right hand)
 n - a ring of positive energy (left hand)
Wands
 h - a wand of flame (38)
Scrolls
 p - a scroll of blinking
 t - a scroll of remove curse
Potions
 f - a potion of heal wounds
 i - 7 potions of curing
 m - a potion of magic {unknown}
 q - 3 potions of flight {unknown}
 s - 2 potions of berserk rage {unknown}
 x - a potion of brilliance {unknown}
Books
 o - a book of Frost

   Spells                             Type                      Level
   a - Freeze                         Ice                          1
   b - Throw Frost                    Conjuration/Ice              2
   c - Ozocubu's Armour               Charms/Ice                   3
   d - Throw Icicle                   Conjuration/Ice              4
   e - Summon Ice Beast               Ice/Summoning                4
Comestibles
 c - 9 rations


   Skills:
 + Level 1.7 Fighting
 + Level 4.4 Dodging
 + Level 4.8 Stealth
 * Level 1.4 Shields
 + Level 5.0 Spellcasting
 + Level 2.8 Conjurations
 - Level 0.9 Charms
 + Level 5.8 Ice Magic


You had 6 spell levels left.
You knew the following spells:

 Your Spells              Type           Power        Failure   Level  Hunger
a - Freeze                Ice            ####         1%          1    None
b - Throw Frost           Conj/Ice       ###...       3%          2    None
c - Ozocubu's Armour      Chrm/Ice       ###.....     11%         3    ##.....
d - Throw Icicle          Conj/Ice       ###.....     24%         4    ####...


Dungeon Overview and Level Annotations

Branches:
Dungeon (6/15)             Temple (1/1) D:5

Altars:
Ashenzari
Cheibriados
Elyvilon
Fedhas
Gozag
Hepliaklqana
Kikubaaqudgha
Makhleb
Okawaru
Qazlal
Ru
Sif Muna
Trog
Uskayaw
Vehumet
Wu Jian
Xom
Yredelemnul

Shops:
D:4 (


Message History

The centaur shoots an arrow.
You block the arrow.
You see here 2 arrows.
The centaur shoots an arrow.
The arrow hits you.
The centaur shoots an arrow.
The arrow hits you!!
* * * LOW HITPOINT WARNING * * *
Found a glowing cyan potion.
You see here 2 arrows.
The centaur shoots an arrow.
You block the arrow.
The centaur shoots an arrow.
You block the arrow.
The centaur shoots an arrow.
The arrow barely misses you.
Found a scroll labeled JIF EGGYSCHE.
You see here 3 arrows.
The centaur shoots an arrow.
You block the arrow.
You see here an arrow.
As you read the scroll labeled JIF EGGYSCHE, it crumbles to dust.
It is a scroll of identify.
f - a potion of heal wounds The centaur shoots an arrow.
The arrow closely misses you.
The centaur shoots an arrow.
You block the arrow.
The centaur shoots an arrow.
The arrow hits you!
You die...

# ######### ######
.....!.(#
#######.....
........##
#..[.##.###.
##..?....@.#
#....##.# #.
.....#####(#
#.......# ## .....
#.#(## #..(..###
....Y###.#(.# #.....#
.......c.#(.####.####
.....Y##.#cc.# #.#
.....Fc((.sF.# #.#
....%.#((.Y..###.#
....( #..##...##.#


You could see a sky beast, a bullfrog, 2 centaurs and a scorpion.

Vanquished Creatures
  A sky beast (D:5)
  An ogre (D:5)
  A howler monkey (D:4)
  A crimson imp (D:5)
  A hound (D:4)
  2 orc wizards (D:3)
  An orc priest (D:3)
  Natasha (thrice) (D:4)
  6 worker ants
  A hound skeleton (D:5)
  5 adders
  3 oozes
  A worm (D:4)
  3 dart slugs
  2 leopard geckos
  9 orcs
  7 giant cockroaches
  5 goblins
  6 hobgoblins
  4 quokkas
  A ball python skeleton (D:4)
  5 bats
  4 frilled lizards
  9 kobolds
  12 rats
94 creatures vanquished.

Notes
Turn   | Place    | Note
-------+----------+-------------------------------------------
     0 | D:1      | raph the Deep Elf Ice Elementalist began the quest for the Orb.
     0 | D:1      | Reached XP level 1. HP: 10/10 MP: 6/6
    90 | D:1      | Reached XP level 2. HP: 14/15 MP: 5/8
   343 | D:1      | Learned a level 2 spell: Throw Frost
  1118 | D:2      | Reached XP level 3. HP: 19/19 MP: 6/10
  1193 | D:2      | Learned a level 3 spell: Ozocubu's Armour
  1999 | D:2      | Reached XP level 4. HP: 24/24 MP: 5/11
  2051 | D:2      | Learned a level 4 spell: Throw Icicle
  2082 | D:2      | Found a blossoming altar of Fedhas.
  2406 | D:3      | Found a faded altar of an unknown god.
  2911 | D:3      | Reached XP level 5. HP: 28/28 MP: 3/12
  3513 | D:4      | Reached skill level 1 in Fighting
  3513 | D:4      | Reached skill level 5 in Ice Magic
  3528 | D:4      | Noticed Natasha
  3537 | D:4      | Killed Natasha
  3537 | D:4      | Reached XP level 6. HP: 29/34 MP: 1/14
  3612 | D:4      | Noticed Natasha
  3714 | D:4      | Killed Natasha
  3744 | D:4      | Noticed Natasha
  4071 | D:4      | Killed Natasha
  4368 | D:4      | Found Kizuhui's Antique Weapon Shoppe.
  4558 | D:4      | Found a burning altar of Makhleb.
  4841 | D:4      | Bought a glowing dagger for 105 gold pieces
  4849 | D:5      | Entered Level 5 of the Dungeon
  4985 | D:5      | Reached XP level 7. HP: 38/38 MP: 9/16
  5102 | D:5      | Found a staircase to the Ecumenical Temple.
  5119 | D:5      | Reached skill level 1 in Shields
  5193 | Temple   | Entered the Ecumenical Temple
  5256 | Temple   | Became a worshipper of Vehumet
  5451 | D:5      | Reached skill level 5 in Spellcasting
  5672 | D:5      | Found a shimmering altar of Xom.
  5673 | D:5      | Found a hazy altar of Hepliaklqana.
  5674 | D:5      | Noticed a spectral ugly thing
  5844 | D:6      | Shot with an arrow by a centaur

Skill      XL: |  1  2  3  4  5  6  7 |
---------------+----------------------+-----
Dodging        | 3 4 |  4.4
Stealth        | 3 4 |  4.8
Ice Magic      | 4 5 |  5.8
Spellcasting   | 4 5 |  5.0
Fighting       | 1 |  1.7
Conjurations   | 2 |  2.8
Shields        | 1 |  1.4
Charms         | |  0.9

Action                   |  1- 3 |  4- 6 |  7- 9 || total
-------------------------+-------+-------+-------++-------
Melee: Dagger            |    25 |    67 |    11 ||   103
       Short sword       |     2 |       |       ||     2
 Cast: Freeze            |    28 |    20 |     9 ||    57
       Throw Frost       |    14 |    40 |     4 ||    58
       Ozocubu's Armour  |       |    10 |     4 ||    14
       Throw Icicle      |       |     5 |     1 ||     6
  Use: Scroll            |       |     6 |     6 ||    12
 Stab: Sleeping          |     8 |     8 |     2 ||    18
  Eat: Chunk             |     3 |     4 |       ||     7
       Ration            |       |     3 |       ||     3
Armor: Robe              |     5 |    12 |     8 ||    25
Dodge: Dodged            |    31 |    47 |    13 ||    91
Block: Buckler           |       |     2 |    14 ||    16
